Map: Lightshade LE

Players

Realgar - Winner!

  • Race: Zerg Zerg
  • League: Diamond

Nadie

  • Race: Zerg Zerg
  • League: Diamond

VOD

Have the link to the VOD?

Description

Time

  • Played on: Aug. 30, 2021, 8:49 a.m.
  • Length: 9:33
Show
View Real Time Build Order
Export as new Build Order

Realgar Zerg - Winner!

Build Orders: Pool First 

Get SALT Encoding   

  12  0:18  Spawning Pool  
  11  0:22  Drone  
  11  0:27  Drone  
  13  0:30  Drone  
  14  0:39  Overlord  
  14  1:04  Zergling x2  
  14  1:05  Zergling x4  
  17  1:16  Hatchery  
  17  1:17  Zergling x2  
  17  1:26  Zergling x2  
  17  1:32  Queen  
  18  1:39  Zergling x2  
  21  1:51  Drone  
  22  1:59  Overlord  
  22  2:11  Queen  
  21  2:21  Drone x2  
  22  2:29  Drone  
  23  2:34  Queen, Drone  
  26  2:39  Drone  
  27  2:54  Drone x3  
  27  2:56  Extractor  
  29  3:02  Drone x4  
  33  3:10  Drone  
  34  3:16  Drone  
  35  3:23  Extractor  
  34  3:30  Evolution Chamber  
  34  3:33  Roach Warren  
  32  3:35  Drone x4  
  32  3:36  Overlord  
  32  3:37  Overlord  
  36  3:59  Lair  
  36  4:01  Drone x5  
  41  4:03  Drone x3  
  41  4:05  Drone  
  45  4:12  Extractor  
  45  4:13  Drone  
  45  4:15  Drone  
  46  4:21  Zerg Missile Weapons Level 1  
  46  4:30  Drone x3  
  49  4:38  Overlord x2  
  49  4:40  Roach  
  52  4:45  Drone  
  52  4:46  Extractor, Drone  
  52  5:00  Hatchery  
  52  5:05  Roach x6  
  63  5:08  Glial Reconstitution  
  63  5:14  Drone  
  63  5:16  Drone  
  63  5:20  Roach  
  67  5:22  Overlord x2  
  67  5:36  Drone  
  68  5:49  Roach x8  
  84  5:52  Overlord  
  84  5:56  Overlord  
  84  6:15  Roach x9  
  102  6:26  Roach x2  
  102  6:27  Overlord  
  102  6:29  Zerg Missile Weapons Level 2  
  106  6:50  Roach  
  106  6:51  Roach x4  
  111  7:01  Roach x5  
  94  7:16  Roach x4  
  94  7:17  Roach x3  
  90  7:48  Roach x4  
  90  7:49  Roach x9  
  110  7:58  Drone x2  
  112  8:03  Overlord x3  
  112  8:16  Roach x2  
  112  8:17  Roach x2  
  112  8:18  Roach  
  112  8:19  Roach  
  110  8:23  Roach  
  110  8:24  Roach  
  110  8:29  Roach x5  
  110  8:30  Roach  
  122  8:37  Ravager  
  122  8:40  Roach  
  122  8:41  Roach x3  
  131  8:47  Roach x2  
  135  9:06  Roach  
  135  9:07  Overlord x3  
Show
View Real Time Build Order
Export as new Build Order

Nadie Zerg 

Build Orders: Hatch First 

Get SALT Encoding   

  12  0:02  Drone  
  13  0:12  Overlord  
  13  0:18  Drone  
  14  0:31  Drone x2  
  16  0:49  Hatchery  
  15  0:53  Drone  
  15  0:56  Drone  
  17  1:10  Spawning Pool  
  16  1:13  Extractor  
  16  1:15  Drone  
  16  1:28  Drone x3  
  19  1:53  Overlord  
  19  2:02  Zergling x4  
  19  2:03  Zergling x2  
  18  2:26  Drone x3  
  18  2:27  Drone  
  22  2:41  Queen  
  24  2:45  Drone x3  
  27  2:52  Drone  
  27  2:56  Drone x2  
  31  3:05  Drone  
  31  3:08  Queen  
  31  3:12  Drone  
  34  3:22  Drone x2  
  36  3:28  Metabolic Boost  
  36  3:35  Roach Warren, Drone  
  36  3:40  Overlord x2  
  36  3:52  Overlord  
  36  3:54  Overlord x2  
  36  4:08  Drone  
  37  4:10  Hatchery  
  37  4:13  Drone x2  
  37  4:14  Drone  
  37  4:16  Drone  
  40  4:24  Drone x4  
  44  4:33  Lair  
  44  4:38  Extractor  
  44  4:39  Extractor  
  44  4:41  Extractor  
  44  4:44  Drone  
  42  4:54  Drone x2  
  42  4:55  Drone x6  
  50  5:02  Roach x3  
  50  5:04  Roach  
  57  5:21  Evolution Chamber  
  57  5:23  Evolution Chamber  
  57  5:28  Drone x2  
  57  5:31  Drone x9  
  66  5:36  Glial Reconstitution  
  66  5:41  Roach x2  
  72  5:42  Roach  
  72  5:45  Pneumatized Carapace  
  72  5:50  Zerg Missile Weapons Level 1  
  72  5:54  Zerg Ground Armor Level 1  
  72  6:05  Drone x2  
  72  6:06  Drone x6  
  72  6:08  Overlord  
  80  6:12  Roach  
  80  6:15  Overlord x2  
  82  6:26  Extractor  
  82  6:29  Roach x4  
  89  6:33  Roach x3  
  83  6:55  Roach x5  
  83  6:56  Roach x5  
  83  7:02  Roach  
  83  7:03  Roach  
  73  7:10  Roach x2  
  59  7:24  Roach x4  
  59  7:25  Roach x2  
  64  7:32  Roach  
  64  7:33  Roach  
  67  7:41  Roach x2  
  68  7:56  Roach x3  
  74  8:04  Drone x3  
  65  8:27  Drone  
  65  8:28  Drone x2  
  65  8:30  Hatchery  
  65  8:32  Drone x2  
  69  8:41  Drone x4  
  73  8:52  Roach x2  
  77  9:03  Roach  
  77  9:04  Roach  
  77  9:06  Roach  
  77  9:07  Roach x2  
Tags
 
Add a new tag
Caveats
  • Supply blocks, unpowered buildings, or Contaminate may cause inaccurate times.
  • Supply counts are checked every 10 seconds.